[Event "*** Titled Tuesday Blitz"]
[Site "Chess.com"]
[Date "2020.04.28"]
[Round "3"]
[White "Filip_Covic"]
[Black "Triumphmate"]
[Result "1-0"]
[WhiteElo "2338"]
[BlackElo "2525"]
[TimeControl "180+1"]
[EndTime "10:27:59 PDT"]
[Termination "Filip_Covic won by resignation"]

1. e4 d5 2. exd5 Nf6 3. Nf3 Bg4 4. d4 c6 5. dxc6 Nxc6 6. Be3 e6 7. Be2 Bd6 8. h3 Bh5 9. O-O O-O 10. c3 Nd5 11.
Nbd2 f5 12. Bg5 Qe8 13. Nc4 Bc7 14. Nfe5 Bxe2 15. Qxe2 Nxe5 16. Nxe5 h6 17. Bd2 f4 18.
Rae1 Rf5 19. g4 fxg3 20. fxg3 Bxe5 21. Rxf5 Bxg3 22. Qxe6+ Qxe6 23. Rxe6 Nb6 24. Kg2 Bh4 25. Bf4 Nc4 26. b3 Nb6 27. Bg3 Bg5 28. h4 Bd2 29.
Be1 Bc1 30. h5 Bg5 31. c4 Rd8 32. d5 Rd7 33. Bf2 Kh7 34. Be3 Bf6 35. a4 Na8 36. Rexf6 gxf6 37. Rxf6 Nc7 38. Rxh6+ Kg7 39. Rg6+ Kf7 40.
Bxa7 Na6 41. Bd4 Nb4 42. Rg7+ Ke8 43. Rxd7 Kxd7 44. h6 1-0

[Event "*** Titled Tuesday Blitz"]
[Site "Chess.com"]
[Date "2020.04.28"]
[Round "3"]
[White "Oleksandr_Bortnyk"]
[Black "uchenic"]
[Result "1-0"]
[WhiteElo "2999"]
[BlackElo "2467"]
[TimeControl "180+1"]
[EndTime "10:28:00 PDT"]
[Termination "Oleksandr_Bortnyk won by resignation"]

1. e4 e6 2. d4 d5 3. Nc3 Bb4 4. Ne2 Nf6 5. e5 Nfd7 6. a3 Bf8 7. f4 c5 8. Be3 Nc6 9. g3 b6 10. Bh3 Ba6 11. f5 exf5 12. Nxd5 cxd4 13. Nxd4 Ndxe5 14. Nxc6 Nxc6 15. Qf3 g6 16. O-O-O Ne5 17. Nf6+ Ke7 18.
Qf4 Qb8 19. Qh4 Nf3 20. Nd5+ Ke8 21. Qf6 Rg8 22. Qc6+ 1-0

[Event "*** Titled Tuesday Blitz"]
[Site "Chess.com"]
[Date "2020.04.28"]
[Round "3"]
[White "bancsoo"]
[Black "HansCoolNiemann"]
[Result "1-0"]
[WhiteElo "2668"]
[BlackElo "2936"]
[TimeControl "180+1"]
[EndTime "10:28:01 PDT"]
[Termination "bancsoo won by resignation"]

1. Nf3 d5 2. g3 Nc6 3. d4 Bf5 4. Bg2 e6 5. O-O Nf6 6. c4 dxc4 7. Nbd2 Nxd4 8. Nxc4 Nxf3+ 9. Bxf3 Qxd1 10. Rxd1 Be4 11.
Bxe4 Nxe4 12. Bf4 Rc8 13. Rac1 Bc5 14. e3 f6 15. Na5 e5 16. Nxb7 Bb6 17. Rc4 Nxf2 18.
Kxf2 exf4 19. Nd6+ Ke7 20. Nxc8+ Rxc8 21. Re4+ Kf8 22. gxf4 Bc5 23. Kf3 Rb8 24. b3 Bd6 25. Ra4 Rb7 26. Rd5 Ke7 27. Rda5 h5 28. Rxh5 c5 29. Rh8 Bc7 30. Re4+ Kf7 31. Ree8 Bb6 32.
f5 1-0

[Event "*** Titled Tuesday Blitz"]
[Site "Chess.com"]
[Date "2020.04.28"]
[Round "3"]
[White "Superfelix"]
[Black "GM_Levan_Pantsulaia"]
[Result "0-1"]
[WhiteElo "2455"]
[BlackElo "2810"]
[TimeControl "180+1"]
[EndTime "10:28:01 PDT"]
[Termination "GM_Levan_Pantsulaia won by resignation"]

1. e4 c6 2. Nc3 d5 3. Qe2 d4 4.
Nd1 e5 5. d3 Bd6 6. g3 Nf6 7.
Bg2 h5 8. h3 h4 9. g4 Be6 10. Nf3 Nh7 11. c3 c5 12. c4 Nc6 13.
a3 Nf8 14. Bg5 Be7 15. Qd2 Ng6 16. Bxe7 Qxe7 17. Rb1 Nf4 18. Bf1 g5 19. b4 b6 20.
b5 Na5 21. Qb2 f6 22. Nd2 O-O 23. Nb3 Nxb3 24. Qxb3 a6 25. a4 axb5 26. axb5 Ra7 27. f3 Rfa8 28. Rh2 Ra3 29. Qc2 Kg7 30. Rd2 Qa7 31. Kf2 Qa5 32. Rb2 Ra1 33. Kg1 Qa3 34. Kh2 Bxc4 35. dxc4 Qxf3 36. Rb3 Qxf1 37. Rf2 0-1

[Event "*** Titled Tuesday Blitz"]
[Site "Chess.com"]
[Date "2020.04.28"]
[Round "3"]
[White "erlesfar"]
[Black "TST2014"]
[Result "1/2-1/2"]
[WhiteElo "2356"]
[BlackElo "2627"]
[TimeControl "180+1"]
[EndTime "10:28:02 PDT"]
[Termination "Game drawn by repetition"]

1. e4 c5 2. c3 Nf6 3. e5 Nd5 4. d4 cxd4 5. Nf3 Nc6 6. Bc4 Nb6 7.
Bb3 d5 8. exd6 Qxd6 9. O-O Be6 10.
Na3 Bxb3 11. Qxb3 e6 12. Nb5 Qd7 13. Nbxd4 Nxd4 14. Nxd4 Be7 15. Rd1 O-O 16. Nf5 Qe8 17. Nxe7+ Qxe7 18. Be3 Nd5 19. Bd4 Rfd8 20. c4 Nf4 21.
Qf3 e5 22. Bc3 f6 23. Rxd8+ Rxd8 24. Rd1 b6 25. g3 Nh3+ 26. Kg2 Ng5 27. Rxd8+ Qxd8 28. Qb7 a5 29. h4 Ne6 30. Qc6 Kf7 31. a3 Qc7 32. Qd5 Qd8 33. Qc6 Qc7 34. Qd5 Qd8 35.
Qc6 1/2-1/2

[Event "*** Titled Tuesday Blitz"]
[Site "Chess.com"]
[Date "2020.04.28"]
[Round "3"]
[White "EvilMorty23"]
[Black "dennisodessa"]
[Result "1-0"]
[WhiteElo "2537"]
[BlackElo "2310"]
[TimeControl "180+1"]
[EndTime "10:28:02 PDT"]
[Termination "EvilMorty23 won by resignation"]

1. e4 e6 2. d4 d5 3. Nd2 Nf6 4. e5 Nfd7 5. f4 c5 6. c3 Nc6 7. Ndf3 Qb6 8. a3 f6 9. Bd3 Be7 10. Ne2 c4 11. Bc2 f5 12. g4 fxg4 13. Ng5 Nf8 14.
Ng3 h6 15. Qxg4 hxg5 16. fxg5 Bd7 17. Nh5 g6 18. Nf4 O-O-O 19. h4 Rg8 20. Rh2 Na5 21. Rb1 Nb3 22. Be3 Kb8 23. h5 gxh5 24. Rxh5 Be8 25. g6 Na5 26. Rh6 Rg7 27. Nh5 Rg8 28. g7 Nd7 29.
Rxe6 Qc7 30. Rxe7 1-0

[Event "*** Titled Tuesday Blitz"]
[Site "Chess.com"]
[Date "2020.04.28"]
[Round "3"]
[White "benko_008"]
[Black "HanSchut"]
[Result "1-0"]
[WhiteElo "2511"]
[BlackElo "2240"]
[TimeControl "180+1"]
[EndTime "10:28:02 PDT"]
[Termination "benko_008 won by resignation"]

1. Nf3 Nf6 2. g3 c5 3. Bg2 Nc6 4. c4 d5 5. cxd5 Nxd5 6. O-O e5 7. d3 Be7 8. Nc3 Be6 9. Bd2 Rc8 10. Nxd5 Bxd5 11. Bc3 f6 12. a4 b6 13. Nd2 Be6 14.
Nc4 Qd7 15. Qb3 O-O 16. Rfc1 Rfd8 17. Qd1 Bf8 18. Qf1 Rc7 19. h4 Rdc8 20. Kh2 Bd6 21. Bh3 f5 22. e4 f4 23. Bxe6+ Qxe6 24. Qh3 Qe7 25. Rg1 g6 26. h5 Rf8 27. hxg6 hxg6 28.
gxf4 Nd4 29. Rxg6+ Kf7 30. Nxd6+ Qxd6 31. Rxd6 exf4 1-0

[Event "*** Titled Tuesday Blitz"]
[Site "Chess.com"]
[Date "2020.04.28"]
[Round "3"]
[White "ChessBitl"]
[Black "michaelk123"]
[Result "0-1"]
[WhiteElo "2283"]
[BlackElo "2527"]
[TimeControl "180+1"]
[EndTime "10:28:03 PDT"]
[Termination "michaelk123 won on time"]

1. e4 c6 2. d4 d5 3. Nd2 dxe4 4. Nxe4 Bf5 5. Ng3 Bg6 6. h4 h6 7.
Nf3 e6 8. Bd3 Bxd3 9. Qxd3 Nd7 10. Bf4 Ngf6 11. O-O-O Be7 12. Kb1 Qb6 13. Rhe1 c5 14.
Ne5 Nxe5 15. Bxe5 O-O 16. Ne4 Nd5 17. Qg3 f6 18. dxc5 Qc6 19. Bd6 Rf7 20. Bxe7 Rxe7 21.
c4 Rae8 22. cxd5 exd5 23. Qd6 Qxd6 24. cxd6 Rxe4 25. Rxe4 dxe4 26. Rd4 Rd8 27. Rxe4 Rxd6 28. Re7 Rd2 29. Rxb7 Rxf2 30. Rxa7 Rxg2 31. b4 f5 32. b5 Rg4 33. a3 Rg6 34. a4 f4 35.
Kc2 Rd6 0-1

[Event "*** Titled Tuesday Blitz"]
[Site "Chess.com"]
[Date "2020.04.28"]
[Round "3"]
[White "Chessterra87"]
[Black "WiktoriaPOL"]
[Result "1-0"]
[WhiteElo "2302"]
[BlackElo "2039"]
[TimeControl "180+1"]
[EndTime "10:28:03 PDT"]
[Termination "Chessterra87 won by resignation"]

1. e4 c5 2. c3 Nf6 3. e5 Nd5 4. Bc4 Nb6 5. Bb3 d6 6. Nf3 dxe5 7. Nxe5 e6 8. O-O Bd6 9. d4 O-O 10. Qh5 cxd4 11. cxd4 Nc6 12. Nxc6 bxc6 13. Nc3 Nd5 14. Ne4 Bc7 15. Bc2 f5 16. Ng5 Nf6 17. Qh4 e5 18. dxe5 Bxe5 19. Bb3+ Kh8 20. Nf7+ Rxf7 21.
Bxf7 Ba6 22. Re1 Ng4 23. Qxd8+ Rxd8 24. h3 Nh6 25. Bxh6 Bxb2 26. Rad1 Rxd1 27. Rxd1 gxh6 28.
Rd8+ Kg7 29. Rd7 Kf6 30. Rxa7 Bd4 31. Rxa6 Kxf7 32. Rxc6 Ke7 33. a4 Kd7 34. Rxh6 1-0

[Event "*** Titled Tuesday Blitz"]
[Site "Chess.com"]
[Date "2020.04.28"]
[Round "3"]
[White "yamalchess"]
[Black "LogoCzar"]
[Result "1-0"]
[WhiteElo "2585"]
[BlackElo "2380"]
[TimeControl "180+1"]
[EndTime "10:28:05 PDT"]
[Termination "yamalchess won by resignation"]

1. d4 d5 2. c4 c6 3. Nc3 Nf6 4. Bf4 dxc4 5. e3 b5 6. a4 Qb6 7. Nf3 a6 8. Be2 e6 9. O-O Be7 10. e4 O-O 11. Be3 Bb7 12. d5 Qc7 13. dxe6 fxe6 14. Ng5 Qc8 15. Bg4 Nxg4 16. Qxg4 Bxg5 17. Bxg5 e5 18. Qh4 Nd7 19. Rad1 Nf6 20. Rd6 c5 21. Bxf6 Rxf6 22. Rxf6 gxf6 23. Qxf6 b4 24. Qg5+ Kh8 25. Qxe5+ Kg8 26. Nd5 Bxd5 27. Qxd5+ Kh8 28. f4 Qd8 29. Qxc5 Rc8 30. Qe5+ Kg8 31. h3 c3 32. bxc3 bxc3 33. Rf3 Qh4 34. Qe6+ 1-0

[Event "*** Titled Tuesday Blitz"]
[Site "Chess.com"]
[Date "2020.04.28"]
[Round "3"]
[White "CSB7"]
[Black "freshfoodcompany"]
[Result "1-0"]
[WhiteElo "2502"]
[BlackElo "2202"]
[TimeControl "180+1"]
[EndTime "10:28:05 PDT"]
[Termination "CSB7 won by resignation"]

1. e4 c5 2. Nf3 Nc6 3. d4 cxd4 4. Nxd4 Nf6 5. Nc3 e5 6. Ndb5 d6 7. Bg5 a6 8. Na3 b5 9. Bxf6 gxf6 10. Nd5 Bg7 11. Bd3 Ne7 12. Nxe7 Qxe7 13. c4 Bb7 14.
O-O f5 15. Qf3 bxc4 16. Nxc4 d5 17. exd5 f4 18. Rfe1 O-O 19. Qh5 f5 20. Bxf5 Rxf5 21. Qxf5 Bxd5 22. Nxe5 Rf8 23. Ng6 Qxe1+ 24. Rxe1 Rxf5 25.
Ne7+ Kf7 26. Nxf5 Bxb2 27. Nd6+ Kf6 28. Rd1 Be6 29. Ne4+ Ke5 30. Nc5 Bc4 31. Nd3+ Bxd3 32. Rxd3 1-0

[Event "*** Titled Tuesday Blitz"]
[Site "Chess.com"]
[Date "2020.04.28"]
[Round "3"]
[White "kingofthenil"]
[Black "Grischuk"]
[Result "0-1"]
[WhiteElo "2468"]
[BlackElo "3106"]
[TimeControl "180+1"]
[EndTime "10:28:06 PDT"]
[Termination "Grischuk won on time"]

1. e4 c5 2. d3 g6 3. g3 Bg7 4. Bg2 Nc6 5. f4 d6 6. Nf3 Nf6 7. O-O O-O 8. Nc3 Rb8 9. h3 b5 10. g4 b4 11. Ne2 a5 12. Kh1 a4 13. Rb1 Ne8 14. Be3 Nc7 15. Qe1 e6 16. d4 cxd4 17. Nfxd4 Nxd4 18. Nxd4 Bb7 19. Qd2 Na6 20. Rfe1 Nc5 21.
Bg1 Qe7 22. Rbd1 Rfd8 23. Qe2 e5 24. Nb5 Ba6 25. c4 bxc3 26. Nxc3 Bxe2 27. Rxe2 exf4 28. Nd5 Qe8 29. Rdd2 Ne6 30. Bf3 Rdc8 31. Kg2 Be5 32. Nc3 a3 0-1

[Event "*** Titled Tuesday Blitz"]
[Site "Chess.com"]
[Date "2020.04.28"]
[Round "3"]
[White "profofchess"]
[Black "Juanovic"]
[Result "1-0"]
[WhiteElo "2397"]
[BlackElo "2150"]
[TimeControl "180+1"]
[EndTime "10:28:06 PDT"]
[Termination "profofchess won by resignation"]

1. e4 c5 2. Nf3 Nc6 3. Bb5 Nd4 4. Nxd4 cxd4 5. O-O a6 6. Bd3 e6 7. c3 dxc3 8. Nxc3 d6 9. Bc2 b5 10. a3 Bb7 11. d4 Be7 12. Qg4 g6 13. e5 h5 14. Qe2 d5 15. Be3 Nh6 16. Qd2 Nf5 17. Rac1 Rc8 18. Ne2 h4 19. Nf4 Nxe3 20. fxe3 Qb6 21.
Qe2 Kd7 22. Nd3 Rhf8 23. b4 a5 24. Bb3 axb4 25. axb4 Rxc1 26. Rxc1 Ra8 27. Rf1 Rf8 28. Rf3 Qa7 29. h3 Qa1+ 30. Kh2 Qc3 31. Bd1 Bxb4 32.
Qf1 Ke8 33. Nc5 Bxc5 34. Qxb5+ Ke7 35. Qxb7+ Ke8 36. Ba4+ 1-0

[Event "*** Titled Tuesday Blitz"]
[Site "Chess.com"]
[Date "2020.04.28"]
[Round "3"]
[White "Karina_Ivanova"]
[Black "bazar-wokzal"]
[Result "0-1"]
[WhiteElo "2215"]
[BlackElo "2505"]
[TimeControl "180+1"]
[EndTime "10:28:08 PDT"]
[Termination "bazar-wokzal won by resignation"]

1. Nf3 f5 2. g3 d6 3. d4 g6 4. Bg2 Nf6 5. O-O Bg7 6. b4 O-O 7. Bb2 Ne4 8. c4 c5 9. Ba3 cxd4 10. Nxd4 Nc6 11. e3 Qb6 12. Bb2 Qxb4 13. Nxc6 Qxb2 14.
Nxe7+ Kh8 15. Nxc8 Raxc8 16. Bxe4 fxe4 17. Nd2 Qxa1 18.
Qxa1 Bxa1 19. Rxa1 Rfe8 20. Kf1 Kg7 21. Ke2 Kf6 22.
Rb1 b6 23. Rb5 Rc5 24. a4 Rxb5 25. axb5 Ke5 26. f4+ exf3+ 27. Nxf3+ Kf6 28. Kd3 a6 29. bxa6 Ra8 30. Kd4 Rxa6 31. Kd5 Ke7 32. Kc6 Ra4 33.
Kb5 Ra3 34. Kxb6 Rxe3 35. Ng5 h6 36. Nh3 g5 37. Nf2 Re2 38. Ng4 h5 39. Nh6 Rxh2 40.
Nf5+ Ke6 41. Nd4+ Kd7 42. Nf3 Rg2 43. Nxg5 Rxg3 44. Ne4 h4 45. c5 Rb3+ 46. Ka5 d5 47.
Nf6+ Kc6 0-1

[Event "*** Titled Tuesday Blitz"]
[Site "Chess.com"]
[Date "2020.04.28"]
[Round "3"]
[White "Muguet7"]
[Black "mfwagnerpeixoto"]
[Result "0-1"]
[WhiteElo "2477"]
[BlackElo "2198"]
[TimeControl "180+1"]
[EndTime "10:28:08 PDT"]
[Termination "mfwagnerpeixoto won by checkmate"]

1. d4 Nf6 2. Nf3 g6 3. g3 Bg7 4. Bg2 O-O 5. O-O d6 6. Nbd2 c5 7. c3 Nc6 8. e4 cxd4 9. cxd4 Bg4 10. d5 Nd4 11. h3 Nxf3+ 12. Nxf3 Bxf3 13. Bxf3 Nd7 14. Bg2 Qb6 15. Bg5 Rfe8 16. Rb1 Ne5 17. Be3 Qa5 18. Qb3 b5 19. Rfc1 Nc4 20. Bf1 Nxe3 21.
Qxe3 a6 22. a3 b4 23. Rc6 bxa3 24. bxa3 h5 25. Rbb6 Reb8 26. Rxa6 Rxa6 27. Rxa6 Qc3 28. Qa7 Rb2 29. Rb6 Rxb6 30. Qxb6 Bd4 31. Qd8+ Kg7 32. Qxe7 Qxg3+ 33. Bg2 Qxf2+ 34. Kh1 Qg1# 0-1

[Event "*** Titled Tuesday Blitz"]
[Site "Chess.com"]
[Date "2020.04.28"]
[Round "3"]
[White "korbul"]
[Black "Shuvatkin_Vladimir"]
[Result "1-0"]
[WhiteElo "2603"]
[BlackElo "2314"]
[TimeControl "180+1"]
[EndTime "10:28:08 PDT"]
[Termination "korbul won by resignation"]

1. d4 Nf6 2. c4 g6 3. Nc3 d5 4.
cxd5 Nxd5 5. Bd2 Bg7 6. e4 Nxc3 7. Bxc3 O-O 8. Nf3 Bg4 9. Be2 Nd7 10. O-O c5 11. d5 Bxc3 12. bxc3 Bxf3 13. Bxf3 Qa5 14.
Qc2 b5 15. Rfe1 Ne5 16. Be2 c4 17. f4 Qb6+ 18. Kh1 Nd7 19. Bf3 Rab8 20. e5 Nc5 21. Be4 Rfd8 22. Rad1 a5 23. f5 Nxe4 24. Qxe4 Qf2 25.
Rf1 Qb6 26. e6 Qd6 27. exf7+ Kxf7 28. fxg6+ Kg7 29. Rf7+ Kg8 30. Rxh7 Rf8 31. Rxe7 Qf6 32. h3 b4 33. d6 Rb5 34. Qxc4+ 1-0

[Event "*** Titled Tuesday Blitz"]
[Site "Chess.com"]
[Date "2020.04.28"]
[Round "3"]
[White "FelixJoseYnojosa"]
[Black "rpragchess"]
[Result "0-1"]
[WhiteElo "2612"]
[BlackElo "2816"]
[TimeControl "180+1"]
[EndTime "10:28:09 PDT"]
[Termination "rpragchess won by checkmate"]

1. e4 c5 2. c3 Nf6 3. e5 Nd5 4. d4 cxd4 5. cxd4 d6 6. Nf3 e6 7. Bc4 dxe5 8. dxe5 Be7 9. O-O O-O 10. Bd2 Bd7 11. Nc3 Bc6 12. Qe2 Nxc3 13. Bxc3 Bxf3 14.
Qxf3 Nc6 15. Rfd1 Qc7 16. Qe4 Rfd8 17. h4 Rxd1+ 18. Rxd1 Rd8 19. Rc1 Qb6 20. a3 Bc5 21.
Qf4 Bd4 22. h5 h6 23. Be2 Bxc3 24. Rxc3 Qxb2 25. Re3 Rd5 26. Bf3 Qc1+ 27. Kh2 Rxe5 28. Bxc6 Rxh5+ 29. Kg3 Qxc6 30. Qb8+ Kh7 31. Qxa7 Rg5+ 32.
Kh4 Qxg2 33. Qd4 Qxf2+ 34. Kh3 Rh5+ 35. Kg4 Rh4# 0-1

[Event "*** Titled Tuesday Blitz"]
[Site "Chess.com"]
[Date "2020.04.28"]
[Round "3"]
[White "Ghost_Pepper"]
[Black "SaqoChess_Twitch"]
[Result "0-1"]
[WhiteElo "2270"]
[BlackElo "2478"]
[TimeControl "180+1"]
[EndTime "10:28:09 PDT"]
[Termination "SaqoChess_Twitch won by resignation"]

1. e4 c5 2. Nf3 d6 3. d4 cxd4 4.
Nxd4 Nf6 5. Nc3 g6 6. Be3 Bg7 7. Qd2 Nc6 8. f3 O-O 9. O-O-O d5 10. Kb1 e5 11. Nxc6 bxc6 12. exd5 Nxd5 13. Nxd5 cxd5 14. Qxd5 Qc7 15. Qc5 Qb7 16. Qb5 Qxb5 17. Bxb5 Rb8 18. Bc4 e4 19. Bb3 exf3 20. gxf3 a5 21. Bd4 Bb7 22.
Bxg7 Kxg7 23. Rd3 Ba6 24. Rd7 Bb5 25. Ra7 Bc6 26. Rf1 Ra8 27. Rxa8 Rxa8 28. Kc1 a4 29. Bc4 Ra5 30. Rf2 f5 31. f4 Rc5 32. Bd3 Bd5 33.
a3 Kh6 34. Kd2 Kh5 35. Be2+ Kh4 36. Bd1 Kh3 37. Ke3 Rb5 38. Kd4 Be4 39. c4 Rb8 40.
c5 Rd8+ 41. Kc3 Rxd1 42. Kb4 Rc1 43. b3 axb3 44. Kxb3 Rxc5 45. Kb4 Rc2 46. Rxc2 Bxc2 47. Kc3 Be4 0-1

[Event "*** Titled Tuesday Blitz"]
[Site "Chess.com"]
[Date "2020.04.28"]
[Round "3"]
[White "RovenVogel"]
[Black "Diego_FloresQ"]
[Result "1-0"]
[WhiteElo "2714"]
[BlackElo "2418"]
[TimeControl "180+1"]
[EndTime "10:28:10 PDT"]
[Termination "RovenVogel won by resignation"]

1. d4 Nf6 2. c4 c5 3. Nf3 cxd4 4.
Nxd4 e5 5. Nb5 d5 6. cxd5 Bc5 7. N5c3 O-O 8. g3 Qb6 9. e3 Bg4 10. Be2 Bh3 11. g4 Rd8 12. Rg1 h5 13. g5 Ne8 14.
Nd2 g6 15. Nc4 Qc7 16. Bd2 a6 17. d6 Nxd6 18. Nd5 Nxc4 19. Nxc7 Rxd2 20. Qb3 Rxb2 21. Bxc4 Bb4+ 22. Kd1 Rxb3 23. axb3 Ra7 24. Nd5 Bf8 25. Nf6+ Kg7 26. Ke2 Nc6 27. Rgd1 b5 28.
Bd5 Nb4 29. Be4 Rc7 30. Rac1 1-0

[Event "*** Titled Tuesday Blitz"]
[Site "Chess.com"]
[Date "2020.04.28"]
[Round "3"]
[White "politeplayer"]
[Black "adiosabu"]
[Result "0-1"]
[WhiteElo "2197"]
[BlackElo "2411"]
[TimeControl "180+1"]
[EndTime "10:28:12 PDT"]
[Termination "adiosabu won by resignation"]

1. e4 e5 2. f4 d6 3. Nf3 Nf6 4. Nc3 Bg4 5. Bc4 Nc6 6. d3 Be7 7. f5 h6 8. Be3 Nd4 9. O-O c6 10. Qd2 Bxf3 11. gxf3 d5 12. exd5 cxd5 13. Bxd4 exd4 14.
Bb5+ Kf8 15. Ne2 Qb6 16. Ba4 Bd6 17. Bb3 Re8 18. Nf4 Qc5 19. Rae1 Re3 20. Ng2 Re7 21. Rxe7 Kxe7 22. Re1+ Kd8 23. Kh1 Re8 24. Rxe8+ Kxe8 25. c3 dxc3 26. bxc3 Qc7 27. Ne3 Bf4 28. Qe2 Qe5 29.
Ba4+ Kf8 30. Qb2 Qxe3 31. Kg2 Qd2+ 32. Qxd2 Bxd2 33. c4 dxc4 34. dxc4 b6 35. Bc6 Bf4 36. h3 Ke7 37. Kf2 Kd6 38. Be8 Nxe8 0-1

[Event "*** Titled Tuesday Blitz"]
[Site "Chess.com"]
[Date "2020.04.28"]
[Round "3"]
[White "FMalexhdez"]
[Black "ChelsieMonica"]
[Result "0-1"]
[WhiteElo "2123"]
[BlackElo "2341"]
[TimeControl "180+1"]
[EndTime "10:28:12 PDT"]
[Termination "ChelsieMonica won by resignation"]

1. e4 e5 2. Nf3 Nc6 3. Bb5 a6 4.
Ba4 Nf6 5. d3 b5 6. Bb3 Be7 7. O-O Bb7 8. c3 O-O 9. Nbd2 d5 10. exd5 Nxd5 11. Ne4 h6 12. Re1 Re8 13. h3 Bf8 14. Ng3 Nf4 15. Bxf4 exf4 16. Rxe8 Qxe8 17. Nh5 Bd6 18. Qd2 Na5 19. Re1 Qd7 20. Ne5 Nxb3 21. axb3 Qf5 22. Nxg7 Kxg7 23. d4 Re8 24. Ng4 Rxe1+ 25.
Qxe1 Qe4 26. Qf1 h5 27. Nh2 Qg6 28. Kh1 f3 29. Nxf3 Bxf3 30. gxf3 Qf5 31. Qg2+ Kh7 0-1

[Event "*** Titled Tuesday Blitz"]
[Site "Chess.com"]
[Date "2020.04.28"]
[Round "3"]
[White "Cocaino74"]
[Black "Balla_Tamas"]
[Result "0-1"]
[WhiteElo "2316"]
[BlackElo "2539"]
[TimeControl "180+1"]
[EndTime "10:28:13 PDT"]
[Termination "Balla_Tamas won on time"]

1. e4 c5 2. Nf3 e6 3. c3 d5 4. exd5 Qxd5 5. d4 Nf6 6. Na3 cxd4 7. Nb5 Na6 8. Nbxd4 Be7 9. Bxa6 bxa6 10. Qa4+ Bd7 11. Qxa6 O-O 12. O-O Rfb8 13. Qe2 a5 14. Rd1 Qb7 15.
Bf4 Rc8 16. Ne5 Be8 17. Rd3 Nd5 18. Bd2 f6 19. Rg3 fxe5 20. Qxe5 Bf6 21. Qxe6+ Bf7 22. Qf5 Qxb2 23. Rd1 Nxc3 24. Bxc3 Rxc3 0-1

[Event "*** Titled Tuesday Blitz"]
[Site "Chess.com"]
[Date "2020.04.28"]
[Round "3"]
[White "quesfr"]
[Black "StegariuVlad"]
[Result "0-1"]
[WhiteElo "2213"]
[BlackElo "2503"]
[TimeControl "180+1"]
[EndTime "10:28:13 PDT"]
[Termination "StegariuVlad won by resignation"]

1. e4 e5 2. Nf3 Nc6 3. Nc3 Nf6 4. d4 exd4 5. Nxd4 Bb4 6. Nxc6 bxc6 7. Bd3 d5 8. exd5 cxd5 9. O-O O-O 10. h3 c6 11. Qf3 Bd6 12. Bf4 Qc7 13. Bxd6 Qxd6 14. Rad1 Be6 15. Rfe1 a5 16. b3 Rfe8 17. Ne2 a4 18. c4 Qa3 19. Bb1 dxc4 20. Nf4 Bd5 21. Rxe8+ Rxe8 22. Nxd5 cxd5 23. bxc4 Qxf3 24. gxf3 dxc4 25.
Bc2 a3 26. Rc1 Re2 27. Kf1 Rd2 28. Ke1 Rd4 29. Bd1 Nd5 30. Be2 c3 31. Rc2 g5 32. Ba6 Rb4 33. Ke2 Rb2 34. Rxb2 cxb2 35. Bd3 Nc3+ 36. Kd2 Nxa2 37. Kc2 Nb4+ 0-1

[Event "*** Titled Tuesday Blitz"]
[Site "Chess.com"]
[Date "2020.04.28"]
[Round "3"]
[White "maxsergej"]
[Black "Bubar"]
[Result "1/2-1/2"]
[WhiteElo "2127"]
[BlackElo "2330"]
[TimeControl "180+1"]
[EndTime "10:28:13 PDT"]
[Termination "Game drawn by repetition"]

1. e4 e6 2. d4 d5 3. Nd2 Nf6 4. e5 Nfd7 5. Bd3 c5 6. c3 Nc6 7. Ne2 cxd4 8. cxd4 f6 9. exf6 Nxf6 10.
Nf3 Bd6 11. O-O O-O 12. Bf4 Bxf4 13. Nxf4 Ne4 14. Qc1 Qf6 15. Ne2 Bd7 16. Qe3 a6 17. Bxe4 dxe4 18. Qxe4 Nb4 19. Ne5 Bc6 20. Nxc6 Nxc6 21.
Rad1 Rad8 22. d5 exd5 23. Rxd5 Kh8 24. Rxd8 Rxd8 25. Nc3 Nd4 26. Kh1 h6 27. Rd1 Qxf2 28.
Qxb7 Rf8 29. Rg1 a5 30. Qe4 Rf4 31. Qe5 Nf5 32. Nd5 Rd4 33. Ne7 Nxe7 34. Qxe7 Rd2 35.
Qe8+ Kh7 36. Qe4+ Kh8 37. Qe8+ Kh7 38. Qe4+ Kh8 39. Qe8+ 1/2-1/2

[Event "*** Titled Tuesday Blitz"]
[Site "Chess.com"]
[Date "2020.04.28"]
[Round "3"]
[White "IwkooO"]
[Black "Antelacus"]
[Result "1-0"]
[WhiteElo "2578"]
[BlackElo "2310"]
[TimeControl "180+1"]
[EndTime "10:28:14 PDT"]
[Termination "IwkooO won by resignation"]

1. e4 c5 2. Nf3 d6 3. d4 cxd4 4. Nxd4 Nf6 5. Nc3 a6 6. Be3 e5 7.
Nb3 Be7 8. Qd2 Be6 9. f4 Qc7 10. O-O-O Nbd7 11. h3 b5 12. g4 Nc5 13. Nxc5 dxc5 14. f5 b4 15. fxe6 bxc3 16. exf7+ Kxf7 17. Qxc3 Rhd8 18. Bc4+ Kf8 19. g5 Nh5 20. Rhf1+ Nf4 21. Bd5 Rab8 22. Kb1 Rb4 23. h4 Rdb8 24. b3 a5 25. Bxf4 exf4 26. e5 a4 27. Bc4 Rxc4 28. Qxc4 Qxe5 29. Rxf4+ 1-0

[Event "*** Titled Tuesday Blitz"]
[Site "Chess.com"]
[Date "2020.04.28"]
[Round "3"]
[White "Nikolakis2014"]
[Black "Lion-Al-Messi"]
[Result "1-0"]
[WhiteElo "2709"]
[BlackElo "2428"]
[TimeControl "180+1"]
[EndTime "10:28:17 PDT"]
[Termination "Nikolakis2014 won by resignation"]

1. Nf3 b6 2. c4 Bb7 3. Nc3 Nf6 4. g3 Bxf3 5. exf3 c5 6. d4 cxd4 7. Qxd4 Nc6 8. Qd1 e6 9. Bg2 Bb4 10. Bd2 O-O 11. O-O Rc8 12. Nb5 Bc5 13. Bg5 h6 14.
Bxf6 Qxf6 15. Qe2 a6 16. Nc3 Nd4 17. Qd3 Rfd8 18. f4 Nf5 19. Rfd1 Rc7 20. Rac1 g6 21. Rd2 Kg7 22. Ne4 Qe7 23. Qc3+ f6 24. Qf3 Nd4 25. Qd1 e5 26. fxe5 fxe5 27. Nc3 Qf7 28. Nd5 Rcc8 29. b4 Bd6 30. Rxd4 exd4 31. Qxd4+ Kf8 32. Qh8+ Qg8 33. Qf6+ Qf7 34. Qxd6+ Kg8 35. Ne7+ Kg7 36. Nxc8 Rxc8 37. Bd5 Qe8 38. Qxb6 Qe5 39. Qe3 Qf6 40. Re1 Rb8 41. a3 Qe7 42. Qxe7+ 1-0

[Event "*** Titled Tuesday Blitz"]
[Site "Chess.com"]
[Date "2020.04.28"]
[Round "3"]
[White "atalz0"]
[Black "kleinebeer98"]
[Result "0-1"]
[WhiteElo "2422"]
[BlackElo "2691"]
[TimeControl "180+1"]
[EndTime "10:28:18 PDT"]
[Termination "kleinebeer98 won by resignation"]

1. d4 d5 2. c4 Nc6 3. Nf3 Bg4 4. Nc3 e6 5. cxd5 exd5 6. Bg5 Be7 7. Bxe7 Qxe7 8. e3 Nf6 9. Be2 O-O 10. O-O Rfe8 11. Rc1 Rad8 12. h3 Bh5 13. a3 a6 14. Na4 Ne4 15. Nc5 Nxc5 16. Rxc5 Rd6 17. Re1 h6 18. Nh2 Bxe2 19. Rxe2 Qe4 20. Rec2 Rg6 21. Qf3 Qd3 22.
Qxd5 Rxe3 23. fxe3 Qxe3+ 24. Kf1 Nxd4 25. Rf2 Re6 26. Nf3 Nxf3 27. gxf3 Qe1+ 28. Kg2 Rg6+ 0-1

[Event "*** Titled Tuesday Blitz"]
[Site "Chess.com"]
[Date "2020.04.28"]
[Round "3"]
[White "Kildepiotr"]
[Black "Dobuchak"]
[Result "1-0"]
[WhiteElo "2562"]
[BlackElo "2358"]
[TimeControl "180+1"]
[EndTime "10:28:19 PDT"]
[Termination "Kildepiotr won by resignation"]

1. Nf3 c5 2. g3 Nc6 3. Bg2 e5 4.
O-O g6 5. d3 Bg7 6. e4 Nge7 7.
c3 d6 8. a3 O-O 9. b4 b6 10. Nbd2 h6 11. Nc4 Be6 12. Nfd2 f5 13. exf5 gxf5 14. b5 d5 15. bxc6 dxc4 16. Nxc4 Qc7 17.
Qh5 Bf7 18. Qh3 h5 19. Re1 Rad8 20. Bg5 Rxd3 21. Nxe5 Bxe5 22. Bxe7 Qxe7 23. Qxf5 Rxc3 24. Rxe5 Qd6 25. Qf4 Rd3 26. Rae1 Bg6 27. Qh6 Rd1 28.
h4 Rf6 29. Rxd1 Qxd1+ 30. Kh2 Qd8 31. Bd5+ Bf7 32. Bxf7+ Kxf7 33. Qh7+ Kf8 34. Qh8+ 1-0

[Event "*** Titled Tuesday Blitz"]
[Site "Chess.com"]
[Date "2020.04.28"]
[Round "3"]
[White "indfraeng"]
[Black "warmoatmeal"]
[Result "1-0"]
[WhiteElo "2281"]
[BlackElo "1951"]
[TimeControl "180+1"]
[EndTime "10:28:19 PDT"]
[Termination "indfraeng won by resignation"]

1. d4 Nf6 2. c4 e6 3. g3 d5 4. Bg2 Be7 5. Nf3 O-O 6. O-O dxc4 7. Ne5 c5 8. dxc5 Bxc5 9. Nxc4 Nc6 10. Nc3 Qe7 11. Bf4 Rd8 12. Qc1 Bd7 13. a3 Rac8 14. b4 Bb6 15. Nxb6 axb6 16. Qb2 Nd4 17. e3 Nc6 18. Rfd1 Be8 19. Ne4 Nd5 20. Bd6 Qd7 21. Be5 Nxe5 22. Qxe5 f6 23. Qb2 Qe7 24. Rac1 Ba4 25. Rxc8 Rxc8 26. Rc1 Qd8 27. h3 f5 28. Nd2 Bb5 29. Nb3 Ba6 30. Nd4 e5 31. Bxd5+ Kh8 32. Rxc8 Qxc8 33. Nb3 Qd7 34. Qxe5 1-0